 Dungeon Sprint DCSS version 0.31-a0-542-gdc2a67831c (webtiles) character file.

Game seed: 7417977293127484200

6 rocky1 the Changeling (level 1, -5/15 HPs)
             Began as a Demonspawn Shapeshifter on Aug 15, 2023.
             Slain by a gnoll
             ... wielding a +0 club
              (7 damage)
             ... in the Dungeon (Sprint IX: "|||||||||||||||||||||||||||||").
             The game lasted 00:00:02 (28 turns).

rocky1 the Changeling (Demonspawn Shapeshifter)       Turns: 28, Time: 00:00:03

Health: -5/15      AC:  2    Str: 15    XL:     1   Next: 75%
Magic:  1/1        EV: 12    Int:  9    God:
Gold:   0          SH:  0    Dex: 13    Spells: 0/0 levels left

rFire   . .          .
                       - Unarmed
rCold   . . .        (no shield)
rNeg    . . .        a - +0 animal skin
rPois   .            (helmet currently unavailable)
rElec   .            (cloak currently unavailable)
rCorr   .            (gloves currently unavailable)
SInv    .            (boots currently unavailable)
Will    .....        (no amulet)
Stlth   +            (no ring)
HPRegen 0.22/turn    (no ring)
MPRegen 0.07/turn

%: no teleportation
@: beast-form
A: beast (slay +2)
a: Begin Untransformation


You were in the Dungeon.
You were a hulking beast.
You visited 1 branch

Inventory:

Armour
 a - a +0 animal skin (worn)
Talismans
 c - a beast talisman (active)
 d - a flux talisman
Scrolls
 j - a scroll of blinking
Potions
 b - a potion of lignification
 e - a potion of curing
 f - a potion of heal wounds
 g - a potion of haste
 h - 2 potions of magic
 i - a potion of berserk rage


   Skills:
 + Level 1.0 Fighting
 + Level 2.0 Dodging
 + Level 3.3 Unarmed Combat
 + Level 3.4 Shapeshifting


You couldn't memorise any spells.
You didn't know any spells.
Your spell library was empty.

Dungeon Overview and Level Annotations

Branches:
Dungeon (1/1)

Altars:


Message History

The hobgoblin is lightly wounded.
The hobgoblin closely misses you.
You hit the hobgoblin.
The hobgoblin is severely wounded.
The hobgoblin hits you but does no damage.
You punch the hobgoblin!
You kill the hobgoblin!
You hit the giant cockroach.
The giant cockroach is severely wounded.
The giant cockroach bites you.
You hit the giant cockroach.
You kill the giant cockroach!
Your Dodging skill increases to level 2!
You hit the kobold.
You kill the kobold!
Items here: )) ††.
You start resting.
HP restored.
You open the door.
A white imp, an iguana, a black bear, an ogre and a gnoll come into view.
The white imp shouts!
The gnoll shouts!
The ogre shouts!
The iguana hisses angrily.
You barely miss the gnoll. The gnoll hits you with a +0 club.
You hit the gnoll.
The gnoll is lightly wounded.
The gnoll misses you.
You punch the gnoll!
The gnoll is severely wounded.
The gnoll hits you with a +0 club!
You barely miss the gnoll.
The gnoll is severely wounded.
The gnoll barely misses you.
You closely miss the gnoll.
The gnoll is severely wounded.
The gnoll hits you with a +0 club.
* * * LOW HITPOINT WARNING * * *
You barely miss the gnoll.
The gnoll is severely wounded.
The gnoll hits you with a +0 club!
You die... ▓▓▓▓▓▓▓▓▓▓▓▓▓▓▓▓▓▓ +.5lhOgh...)'...<▓ ▓▓▓▓▓▓▓▓▓▓▓▓▓▓▓▓▓▓

You could see a black bear, an ogre, an iguana, a gnoll and a white imp.

Vanquished Creatures
  A giant cockroach (D)
  A goblin (D)
  A hobgoblin (D)
  A kobold (D)
  A rat (D)
5 creatures vanquished.

Notes
Turn   | Place    | Note
-------+----------+-------------------------------------------
     0 | D        | rocky1 the Demonspawn Shapeshifter began the quest for the
                  | Orb.
     0 | D        | Reached XP level 1. HP: 15/15 MP: 1/1
    22 | D        | Noticed an iguana
    22 | D        | Noticed a black bear
    22 | D        | Noticed an ogre
    28 | D        | Slain by a gnoll

Illustrated notes

Levels and vault maps discovered:
D:        linesprint [early_d, line_temple, items_1, d_10, items_2, lair_1,
          lair_end, items_3, orc_1, orc_end, items_4, d_15, swamp_1, shoals_1,
          snake_1, spider_1, d_20, vaults_1, items_5, swamp_end, shoals_end,
          snake_end, spider_end, vaults_end, d_27, items_6, zot_1, zot_end,
          crypt_end, forest_end, elf_end, slime_end, tomb_end, abyss_end,
          pan_hell_end]

Skill      XL: |  1 |
---------------+----+-----
Shapeshifting  | 3 |  3.4
Unarmed Combat | 3 |  3.3
Dodging        | 2 |  2.0
Fighting       | |  1.0

Action                     || total
---------------------------++-------
  Melee: Unarmed           ||    16
 Armour: Animal skin       ||     3
  Dodge: Dodged            ||     3

Table legend: (Time is in decaauts)
 A = Elapsed time spent in this place.
 B = Non-inter-level travel time spent in this place.
 C = Inter-level travel time spent in this place.
 D = Time resting spent in this place.
 E = Time spent auto-exploring this place.
 F = Levels seen in this place.
 G = Mean time per level.
                   A        B        C        D        E       F      G
               +--------+--------+--------+--------+--------+-----+--------+
         Total |     27 |     27 |      0 |      2 |      0 |   1 |   27.0 |
       Dungeon |     27 |     27 |      0 |      2 |      0 |   1 |   27.0 |
               +--------+--------+--------+--------+--------+-----+--------+

Top non-repeatable levels by time:
       D: 27 daAuts
